AoeStats
← diego_benavente

Arabia

510401936Analyzed
1v1 RM · 2d ago on Sep 30, 2026· 21m 59s· 2 players
Game mode
Random Map
Map size
Tiny (2 player)
Population
200
Speed
Normal
Resources
Standard
Victory
Conquest
Starting age
Dark Age
Ending age
Imperial Age
RankedLock teamsTeams togetherTeam positionsShared explorationLock speedFull tech treeHidden civsTurbo modeCheats
Victory
Defeat
🇮🇩 Goths · Indonesia
775
+15
🇨🇱 Poles · Chile
758
-15
diego_benavente
1:19 Loom
12:56 Feudal Age
13:26 Double-Bit Axe
14:29 Man-at-Arms
20:56 Wheelbarrow
21:15 Fletching
aryabhima
0:35 Loom
11:17 Feudal Age
11:27 Man-at-Arms
14:01 Double-Bit Axe
16:32 Scale Mail Armor
17:21 Wheelbarrow
21:37 Castle Age
19:21 Horse Collar
20:29 Gold Mining
21:28 Stone Mining
21:55 Long Swordsman
Connection lost

Rejoining the realm…

Still unreachable

The connection could not be restored.

Session expired

The server has moved on; the page needs a fresh start.